[Event "KAZ-ch Women 2019"]
[Site "Almaty"]
[Date "2019.04.25"]
[Round "5.3"]
[White "Shauken, Aruzhan"]
[Black "Ankudinova, Yelena"]
[Result "0-1"]
[ECO "D23"]
[WhiteElo "1685"]
[BlackElo "2099"]
[Annotator "NA RC"]
[PlyCount "148"]
[EventDate "2019.04.21"]
[EventType "tourn"]
[EventCountry "KAZ"]
[SourceTitle "playchess.com"]
[Source "ChessBase"]
[SourceQuality "1"]
[TimeControl "40/5400+30:1800+30"]

1. d4 d5 2. c4 dxc4 3. Nf3 Nf6 4. g3 Nc6 5. Bg2 e5 6. Nxe5 {[%emt 0:12:28] D23: Queen's Gambit Accepted: 3 Nf3 Nf6 sidelines} (6. Qa4 Bd7 7. Qxc4 Be6 8. Qa4 e4 9. Ng5 Qxd4 10. Qc2 Nb4 11. Qa4+ Qd7 12. Qxd7+ Bxd7 {0-1 (67) Ezat,M (2466)-Moradiabadi,E (2598) Tromsoe 2014}) 6... Nxe5 7. dxe5 Qxd1+ 8. Kxd1 Ng4 9. Ke1 Nxe5 10. Bf4 f6 11. Nd2 Bb4 12. Rc1 $146 {[%emt 0:03:14] [#]} ({Predecessor:} 12. Bd5 c6 13. Bxe5 cxd5 {1-0 (38) Wittmann,M (2164)-Huch,R (2239) Bayern 2011}) 12... Be6 $1 13. a3 {[%emt 0:21:21] [#]} (13. Bxb7 $142 Rd8 14. Rc2) 13... Ba5 $1 14. Kf1 O-O-O 15. Ne4 Ng6 ({Black should try} 15... Rd5 $19 16. Nc3 Bxc3 17. bxc3 Ra5) 16. Be3 (16. Nc5 $11 {was the only way to keep the balance.} Bd5 17. Bxd5 Rxd5 18. Rxc4) 16... Bb6 17. Bxb6 axb6 18. h4 h6 19. f4 Rhe8 20. h5 Ne7 21. Kf2 Nc6 22. Rhd1 Nd4 23. e3 Nb3 24. Rxd8+ Rxd8 25. Re1 Bg4 26. Bf3 Bxf3 27. Kxf3 f5 28. Nc3 Rd3 (28... Rd2 $19 {is more deadly.} 29. Re2 Rd3) 29. Kf2 (29. g4 $142) 29... Nc5 30. Kf3 Rd2 31. Re2 Rxe2 ({Black should try} 31... Rd7 $17 32. g4 fxg4+ 33. Kxg4 c6) 32. Kxe2 $2 (32. Nxe2 $11 Ne6 33. g4) 32... Kd7 33. Kf3 (33. Nb5 $17) 33... Ke6 34. g4 fxg4+ 35. Kxg4 Nd3 36. Nd1 b5 37. Kf3 Kd5 38. Ke2 c6 39. b4 Ke4 40. Nc3+ Kf5 41. Kf3 Ne1+ 42. Kg3 Nc2 43. e4+ Kf6 44. Nb1 b6 45. Kf2 g6 46. hxg6 Kxg6 47. Kg3 c5 48. Kh4 cxb4 49. axb4 Nxb4 50. Nc3 Nd3 51. f5+ Kf6 52. Nxb5 Nf2 $2 (52... Ke5 53. Kh5 Nc5) 53. Nc3 b5 (53... Ke5 $17 54. Kh5 Nxe4 55. Nxe4 Kxe4) 54. Nxb5 (54. Kg3 $11 Nd3 55. Nxb5) 54... Nxe4 55. Kh5 {[%emt 0:02:27] [#]} Kxf5 $2 (55... Kg7 $1 $19 56. Kg4 c3) 56. Kxh6 (56. Na3 $1 $11) 56... Ke5 57. Kh5 Nd6 58. Nc3 Kd4 59. Ne2+ $2 (59. Na2 $15) 59... Kd3 60. Nf4+ Ke4 61. Ne2 {[%emt 0:00:17] [#]} Nb5 $1 62. Kg4 Ke3 63. Nf4 Nc7 64. Ng2+ Kf2 65. Nf4 {[%emt 0:00:14] [#]} c3 $1 66. Nd3+ Ke3 (66... Ke2 $142 67. Nb4 {[#]} Na6 $1 68. Na2 c2 69. Nc1+ Ke3 70. Kf5 Kd2 71. Nb3+ Kc3 72. Nc1 Nc5 73. Kg5 Nb3 74. Ne2+ Kd2 75. Nf4 c1=Q 76. Nh5 Nd4 77. Kg6 Qc6+ 78. Nf6 Qe6 $1 79. Kg7 Ke1 80. Kg6 Nf3 81. Kh7 Qxf6 82. Kg8 Ne5 83. Kh7 Qg6+ 84. Kh8 Nf7#) 67. Nc1 c2 68. Kf5 Kd2 69. Nb3+ Kc3 70. Nc1 Kd2 $2 (70... Nb5 $19 71. Ke4 Kd2 72. Nb3+ Kd1) 71. Nb3+ Kd1 (71... Kd3 $142 72. Kf4 Nd5+ 73. Kf3 Kc3 74. Nc1 Kb2 75. Ne2 Nc3 76. Nf4 Kb1 77. Nd3 Nd1 78. Kg4 Nb2 79. Nf4 c1=Q 80. Kf5 Qc5+ 81. Kf6 {[#]} Qf2 $1 82. Ke5 Nc4+ 83. Ke4 Qe3+ 84. Kf5 Qf3 $1 85. Kg5 Ne3 86. Kf6 Qxf4+ 87. Ke6 Qd4 88. Kf7 Qd6 89. Kg7 Nf5+ 90. Kf7 Qc6 91. Kf8 Qf6+ 92. Kg8 Qg7#) 72. Ke5 Nb5 73. Kd5 Nc3+ 74. Kc4 Ne4 $19 0-1

[Event "KAZ-ch Women 2019"]
[Site "Almaty"]
[Date "2019.04.25"]
[Round "5.4"]
[White "Kairbekova, Amina"]
[Black "Nasybullina, Alfia"]
[Result "1-0"]
[ECO "B00"]
[WhiteElo "1954"]
[BlackElo "2065"]
[Annotator "NA RC"]
[PlyCount "115"]
[EventDate "2019.04.21"]
[EventType "tourn"]
[EventCountry "KAZ"]
[SourceTitle "playchess.com"]
[Source "ChessBase"]
[SourceQuality "1"]
[TimeControl "40/5400+30:1800+30"]

1. e4 d6 2. d4 Nd7 3. Nc3 e5 4. Nf3 exd4 5. Nxd4 g6 6. Be2 Bg7 7. Be3 Ne7 8. O-O Nc6 9. Nxc6 bxc6 10. Bd4 O-O 11. Bxg7 Kxg7 12. f4 Qe7 13. Bf3 Rb8 14. b3 Ba6 15. Re1 Kg8 16. Qd4 Rfd8 17. Kh1 ({But not} 17. Qxa7 $2 Nc5 $19) 17... Nb6 18. a4 c5 19. Qd2 c6 20. Nd1 Nd7 21. Nf2 Rb4 (21... Nf8 $1 $14) 22. Rad1 Nf8 {[%emt 0:01:15] [#]} 23. f5 $1 f6 (23... Rd4 $16 24. Qa5 Bc8) 24. Ng4 Rd4 25. Qa5 Bc8 26. Rxd4 ({White should try} 26. b4 $16) 26... cxd4 27. Qb4 (27. c3 $16) 27... c5 28. Qc4+ Kg7 29. e5 dxe5 30. Rxe5 {[%emt 0:00:36] [#]} Qf7 $2 (30... Qd6 $1 $17 {stays on course.} 31. Rxc5 Bxf5) 31. Qxf7+ ({Reject} 31. Qxc5 $6 Nd7 $11 {[%mdl 64] Double Attack}) ({Much weaker is} 31. Rxc5 $6 Qxc4 32. Rxc4 Bxf5 $11) 31... Kxf7 32. fxg6+ Kxg6 33. Rxc5 Bf5 34. Nf2 Ne6 35. Rc6 Ng5 36. Bg4 Re8 37. Bxf5+ Kxf5 38. h4 Ne6 (38... Ne4 $16) 39. Kh2 Kf4 40. b4 f5 41. Nd3+ Kg4 42. b5 Kxh4 43. a5 Ng5 44. b6 axb6 45. axb6 Ne4 (45... Rb8 $142 46. Ne5 Ne4 47. Nf3+ Kh5 48. Nxd4 Kg4) 46. b7 Rb8 47. Rh6+ Kg5 48. Rxh7 Kf6 49. Rd7 Kg5 50. g3 Kf6 51. Kg2 Ke6 52. Rxd4 Ke7 53. Rb4 Kd6 54. g4 Nc5 55. Rd4+ Kc6 56. Rc4 Rxb7 57. Rxc5+ Kd6 $18 58. gxf5 {[%emt 0:00:25] Kd5} 1-0

[Event "KAZ-ch Women 2019"]
[Site "Almaty"]
[Date "2019.04.26"]
[Round "6.3"]
[White "Ankudinova, Yelena"]
[Black "Kairbekova, Amina"]
[Result "1/2-1/2"]
[ECO "D02"]
[WhiteElo "2099"]
[BlackElo "1954"]
[Annotator "NA RC"]
[PlyCount "107"]
[EventDate "2019.04.21"]
[EventType "tourn"]
[EventCountry "KAZ"]
[SourceTitle "playchess.com"]
[Source "ChessBase"]
[SourceQuality "1"]
[TimeControl "40/5400+30:1800+30"]

1. d4 Nf6 2. Nf3 d5 3. Bf4 c5 4. e3 Nc6 5. c3 Qb6 6. Qb3 c4 7. Qc2 Bf5 8. Qc1 e6 9. Nbd2 h6 {[%emt 0:01:01] D02: 1 d4 d5 2 Nf3 sidelines, including 2...Nf6 3 g3 and 2...Nf6 3 Bf4} (9... Qd8 10. h3 h6 11. Be2 Be7 12. O-O O-O 13. Bd1 b5 14. Bc2 Bxc2 15. Qxc2 Bd6 16. Bxd6 Qxd6 17. e4 dxe4 18. Nxe4 Nxe4 19. Qxe4 Qd5 20. Qxd5 exd5 {1-0 (51) Nisipeanu,L (2674)-Parligras,M (2645) Bucharest 2018}) 10. b3 cxb3 11. axb3 Be7 12. Be2 O-O 13. O-O Nh5 14. Bg3 Nxg3 15. hxg3 Bf6 16. Qa3 $146 ({Predecessor:} 16. b4 Rac8 17. Qa3 {1-0 (42) Zuluaga,C (2305)-Lopez Idarraga,D (2056) Medellin 2017}) 16... e5 17. dxe5 Nxe5 18. Nd4 Bd3 19. Qa5 Bxe2 20. Qxb6 axb6 21. Nxe2 Nc6 22. Nf3 Ra5 23. b4 Rxa1 24. Rxa1 Nxb4 25. Ra7 Na6 26. Rxb7 Rb8 27. Ra7 Nc5 28. Nfd4 Bxd4 29. exd4 Ne4 (29... Nd3 $11 {keeps the balance.}) 30. f3 Nf6 31. g4 b5 32. Ra2 Kf8 33. Kf2 Rb7 34. Ke3 ({White should play} 34. Nf4 $16) 34... b4 35. Rb2 Re7+ $1 36. Kf4 bxc3 37. Nxc3 Rc7 38. Rb3 Ke7 (38... Rc6 $11 {keeps the balance.}) 39. Ke5 Rd7 40. Rb5 Rc7 41. Nxd5+ Nxd5 42. Kxd5 Rc2 43. Rb7+ Kf6 44. Kd6 Rxg2 45. d5 Rd2 46. Rb4 g5 47. Rb3 Kg6 {[%emt 0:04:47] [#]} 48. Re3 $2 (48. Rb6 $1 $18 Kg7 49. Kc6) 48... h5 49. gxh5+ Kxh5 50. Ke5 f5 51. d6 Kh4 52. Ra3 g4 53. Ra4 Kh3 54. fxg4 $11 1/2-1/2

[Event "KAZ-ch Women 2019"]
[Site "Almaty"]
[Date "2019.04.26"]
[Round "6.5"]
[White "Sultanbek, Zeinep"]
[Black "Serikbay, Assel"]
[Result "1-0"]
[ECO "D37"]
[WhiteElo "1891"]
[BlackElo "2155"]
[Annotator "RC"]
[PlyCount "166"]
[EventDate "2019.04.21"]
[EventType "tourn"]
[EventCountry "KAZ"]
[SourceTitle "playchess.com"]
[Source "ChessBase"]
[SourceQuality "1"]
[TimeControl "40/5400+30:1800+30"]

1. d4 d5 2. Nf3 Nf6 3. c4 e6 4. Nc3 a6 5. Bg5 dxc4 6. e4 h6 7. Bxf6 Qxf6 8. Bxc4 b5 9. Bb3 Bb7 10. d5 e5 11. a4 b4 12. Ne2 a5 13. O-O Bd6 14. Nd2 O-O 15. Nc4 Nd7 16. Nxd6 Qxd6 17. Rc1 Rac8 18. Ng3 g6 19. Qg4 Kh7 20. Bc4 Nc5 21. b3 Rcd8 22. f4 exf4 23. Rxf4 Nd7 24. Rcf1 Ne5 25. Qe2 Kg7 26. Qb2 f6 27. Ne2 Bc8 28. h3 c5 29. Nc1 Ba6 30. Qe2 Bc8 31. Qf2 g5 32. Qg3 Kh7 33. R4f3 Nxf3+ 34. Qxf3 Rde8 35. Nd3 Qe7 36. Re1 Bb7 37. Qf5+ Kg7 38. Bb5 Rd8 39. Rc1 Bc8 40. Qf3 Qd6 41. Qe3 f5 42. Rxc5 fxe4 43. Qxe4 Bb7 44. Bc6 Ba6 45. Rxa5 Bxd3 46. Qxd3 Rf7 47. Qd4+ Kg8 48. Rc5 Re7 49. Rc1 Rf8 50. Qd3 Rf6 51. Rd1 Qc5+ 52. Kh1 Re3 53. Qc4 Qd6 54. Qd4 Rxb3 55. Re1 Rc3 56. Bb5 Rc2 57. Qe4 Rc7 58. a5 Rf4 59. Qd3 Rc3 60. Qd1 Rc5 61. Qd3 Rc3 62. Qe2 Qxd5 63. Qh5 Rf6 64. Be2 Kg7 65. a6 Ra3 66. Rd1 Qf7 67. Qg4 Rf4 68. Qc8 Rc3 69. Qb8 Rc7 70. Qb5 Re7 71. Bd3 b3 72. Rb1 Rd4 73. Bf1 Rf4 74. Bd3 Rf2 75. Qc5 b2 76. Bc4 Qf6 77. a7 Re8 78. Qc7+ Kf8 79. Qh7 Qg7 80. Qxg7+ Kxg7 81. Bd5 Rc2 82. Kh2 Kf6 83. a8=Q Rxa8 1-0

[Event "KAZ-ch Women 2019"]
[Site "Almaty"]
[Date "2019.04.27"]
[Round "7.2"]
[White "Shauken, Aruzhan"]
[Black "Sultanbek, Zeinep"]
[Result "1/2-1/2"]
[ECO "E63"]
[WhiteElo "1685"]
[BlackElo "1891"]
[Annotator "NA RC"]
[PlyCount "141"]
[EventDate "2019.04.21"]
[EventType "tourn"]
[EventCountry "KAZ"]
[SourceTitle "playchess.com"]
[Source "ChessBase"]
[SourceQuality "1"]
[TimeControl "40/5400+30:1800+30"]

1. d4 Nf6 2. c4 g6 3. Nf3 Bg7 4. g3 O-O 5. Bg2 d6 6. O-O Nc6 7. Nc3 a6 8. Qd3 Nd7 9. e4 {[%emt 0:07:12] E63: King's Indian: Fianchetto: Panno Variation with 7...a6} (9. Be3 Rb8 10. Qd2 b5 11. cxb5 axb5 12. Rac1 b4 13. Nd5 Bb7 14. Bg5 Re8 15. Rfd1 Ba8 16. b3 Rb5 17. e4 Qb8 {0-1 (35) Mareco,S (2583)-Flores,D (2602) Buenos Aires 2011}) 9... e5 10. d5 Nc5 $146 ({Predecessor:} 10... Nd4 11. Be3 Qf6 12. Ne1 c5 13. dxc6 bxc6 14. b4 Qe6 15. Nf3 a5 16. Ng5 Qf6 {0-1 (41) Zozik,S (2252)-Zaibi,A (2389) Baghdad 2018}) 11. Qd1 Nd4 12. b4 Bg4 13. bxc5 Qf6 14. Bg5 Nxf3+ 15. Bxf3 Qxf3 16. Qxf3 Bxf3 17. cxd6 cxd6 18. Be7 Rfc8 19. Na4 $1 Bf8 20. Bxf8 Rxf8 21. Nb6 Rad8 22. Rfe1 f5 23. exf5 Rxf5 24. Rab1 (24. a4 $14) 24... Rf7 25. Re3 Rdf8 26. Rb2 g5 27. h3 g4 28. h4 Rc7 29. Rc2 Rff7 30. Rec3 Rc5 31. a3 Ra5 32. Rc1 Rc7 33. Kf1 Kf7 34. Ke1 Ke7 35. Kd2 Kd8 36. Kc2 Be4+ 37. Kb3 Rf7 38. Kb4 Rc5 39. Na4 a5+ 40. Kb3 Rcc7 41. Re1 Bg2 42. Re2 $1 {[%emt 0:00:50] [#]} Bf1 ({Black should play} 42... b5 $1 $17 43. cxb5 Bxd5+ 44. Kc2 Bc4) 43. Rec2 b6 44. Ka2 (44. Nb2 $15) 44... Rb7 45. Nb2 Rf3 46. Rxf3 gxf3 47. Nd1 b5 48. cxb5 Bxb5 49. Ne3 Bd3 50. Rb2 Rc7 51. Rb8+ Ke7 52. Ra8 (52. Kb2 $11 {remains equal.}) 52... Rc1 $1 53. Rxa5 $2 (53. h5 $17) 53... Re1 54. Ng4 h5 55. Ra7+ Kd8 56. Nh6 Bc4+ 57. Kb2 Bxd5 58. g4 Re2+ 59. Kc3 Rxf2 60. gxh5 Rh2 61. Nf7+ Kc8 62. h6 Kb8 63. Ra4 e4 64. h7 Rxh4 65. h8=Q+ Rxh8 66. Nxh8 f2 67. Rb4+ Kc7 $11 (67... Ka7 $5 68. Rb1 $8 e3 $11) 68. Rb1 e3 69. Kd3 Be4+ 70. Kxe3 Bxb1 71. Kxf2 1/2-1/2

[Event "KAZ-ch Women 2019"]
[Site "Almaty"]
[Date "2019.04.27"]
[Round "7.3"]
[White "Kairbekova, Amina"]
[Black "Nakhbayeva, Guliskhan"]
[Result "0-1"]
[ECO "B48"]
[WhiteElo "1954"]
[BlackElo "2303"]
[Annotator "NA"]
[PlyCount "104"]
[EventDate "2019.04.21"]
[EventType "tourn"]
[EventCountry "KAZ"]
[SourceTitle "playchess.com"]
[Source "ChessBase"]
[SourceQuality "1"]
[TimeControl "40/5400+30:1800+30"]

1. e4 c5 2. Nf3 e6 3. d4 cxd4 4. Nxd4 Nc6 5. Nc3 Qc7 6. Be3 a6 7. a3 Nf6 8. Be2 Be7 9. O-O O-O 10. f4 d6 11. Kh1 Bd7 12. Bf3 {[%emt 0:01:11] B48: Sicilian: Taimanov: 5 Nc3 Qc7 6 Be3 a6 without Be2} (12. Qe1 Nxd4 13. Bxd4 Bc6 14. Qg3 g6 15. f5 e5 16. Be3 Kh8 17. Bg5 Nh5 18. Bxh5 Bxg5 19. Qxg5 f6 20. Qh6 gxh5 21. Rad1 Rad8 22. Rf3 Qg7 23. Qxh5 {1-0 (48) Matinian,N (2496)-Pridorozhni,A (2589) Voronezh 2018}) 12... Nxd4 13. Bxd4 Bc6 14. Qe1 e5 15. Be3 exf4 16. Bxf4 Nd7 17. g3 $146 ({Predecessor:} 17. Qg3 Ne5 18. Rad1 Rad8 19. Rd4 b5 20. Be2 {1-0 (53) Can,I (1795)-Matus,N (1761) Porto Carras 2015}) 17... Rfe8 18. Bg2 Bf8 (18... Bf6 $15) 19. Qf2 Ne5 20. Rfd1 g6 21. Nd5 Bxd5 22. Rxd5 Ng4 23. Qd2 Qb6 24. Qd4 Qc6 25. c3 (25. h3 $5 Ne5 26. c4 $11) 25... Rad8 26. Rd1 Bg7 27. Qg1 Be5 28. Bxe5 Nxe5 29. Qf2 Qc7 30. Rf1 Nc4 31. h4 Re5 32. g4 Rde8 33. Rd4 Rb5 34. a4 Rbe5 35. Qe2 d5 36. Qd3 Nxb2 37. Qc2 Nc4 38. Qd3 b5 39. axb5 axb5 40. Rxd5 Qe7 41. g5 h6 ({Black should play} 41... Rxd5 $17 42. exd5 {[#]} h6 $1 ) 42. Rd7 Qf8 43. gxh6 Qxh6 44. Rdxf7 (44. Rfxf7 $11 Qxh4+ 45. Qh3 Qxh3+ 46. Bxh3) 44... Qxh4+ 45. Kg1 Rh5 46. Qd7 Qh2+ 47. Kf2 Nd6 48. Rg7+ Kh8 49. Rxg6 Nxe4+ {[%emt 0:01:09] Double Attack} 50. Kf3 (50. Ke3 $17 Qe5 51. Qd4 Ng3+ 52. Kd3 Nxf1 53. Bxf1) 50... Qe5 51. Rh1 Rf8+ 52. Kg4 Nf2# 0-1

[Event "KAZ-ch Women 2019"]
[Site "Almaty"]
[Date "2019.04.27"]
[Round "7.4"]
[White "Davletbayeva, Madina"]
[Black "Ankudinova, Yelena"]
[Result "1-0"]
[ECO "B19"]
[WhiteElo "2286"]
[BlackElo "2099"]
[Annotator "RC"]
[PlyCount "67"]
[EventDate "2019.04.21"]
[EventType "tourn"]
[EventCountry "KAZ"]
[SourceTitle "playchess.com"]
[Source "ChessBase"]
[SourceQuality "1"]
[TimeControl "40/5400+30:1800+30"]

1. e4 c6 2. d4 d5 3. Nd2 dxe4 4. Nxe4 Bf5 5. Ng3 Bg6 6. h4 h6 7. Nf3 Nd7 8. h5 Bh7 9. Bd3 Bxd3 10. Qxd3 e6 11. Bd2 Ngf6 12. O-O-O Be7 13. Kb1 O-O 14. Ne4 Nxe4 15. Qxe4 Nf6 16. Qe2 Kh8 17. Ne5 Qd5 18. f3 b5 19. g4 Bd6 20. g5 hxg5 21. Bxg5 Nh7 22. Bf4 a5 23. Bc1 Nf6 24. Rh4 Kg8 25. Rg1 Bxe5 26. dxe5 Ne8 27. Rhg4 Kh8 28. Bg5 Ra7 29. Bf6 gxf6 30. Qe3 Kh7 31. exf6 Qxh5 32. Qxa7 Nxf6 33. Rg7+ Kh8 34. Qe7 1-0

[Event "KAZ-ch Women 2019"]
[Site "Almaty"]
[Date "2019.04.27"]
[Round "7.5"]
[White "Dauletova, Gulmira"]
[Black "Nasybullina, Alfia"]
[Result "0-1"]
[ECO "B07"]
[WhiteElo "2262"]
[BlackElo "2065"]
[Annotator "NA"]
[PlyCount "162"]
[EventDate "2019.04.21"]
[EventType "tourn"]
[EventCountry "KAZ"]
[SourceTitle "playchess.com"]
[Source "ChessBase"]
[SourceQuality "1"]
[TimeControl "40/5400+30:1800+30"]

1. e4 d6 2. d4 Nf6 3. Nc3 e5 4. Nf3 exd4 5. Nxd4 g6 6. Be3 Bg7 7. Qd2 Nc6 8. f3 O-O 9. O-O-O Re8 10. h4 d5 {[%emt 0:11:25] C41: Philidor Defence} (10... a6 11. Nxc6 bxc6 12. Bh6 Bh8 13. Bg5 Qe7 14. h5 Qe5 15. hxg6 fxg6 16. f4 Qc5 17. e5 dxe5 18. Bxf6 Bxf6 {1-0 (29) Degraeve,J (2540)-Reinderman,D (2520) Germany 2003}) 11. Nxc6 (11. h5 $5) 11... bxc6 12. Bh6 Bh8 13. exd5 $146 ({Predecessor:} 13. h5 Be6 14. hxg6 fxg6 15. e5 Nh5 16. f4 Ng3 17. Rh2 d4 18. Qf2 Nxf1 19. Qxf1 {0-1 (30) Lotero,F (2168)-Castro Rojas,O (2367) Medellin 2014}) 13... Nxd5 14. Nxd5 cxd5 15. Bb5 (15. Qxd5 $14 Rb8 16. c3 (16. Qxd8 Bxb2+ 17. Kb1 Bd4+ 18. Kc1 Bb2+ 19. Kb1 Bf6+ 20. Kc1 Bb2+ $15) 16... Qxd5 17. Rxd5) 15... c6 16. Ba4 {[%emt 0:00:27] [#]} ({Not} 16. Bxc6 $2 {[#]} Qb6 $3 $19 {[%mdl 576] Double Attack}) (16. Bd3 $1 $11 {keeps the balance.}) 16... Rb8 ({Black should play} 16... Qb6 $1 $17 17. c3 Be6) 17. Bb3 $1 a5 18. Rde1 (18. Bf4 $11 {remains equal.} Rb7 19. Bg5) 18... Be6 19. c3 {[%emt 0:07:00] [#]} a4 $1 20. Bxa4 Qa5 21. Qc2 {[%emt 0:00:02] [#]} d4 $1 22. b4 Qa6 23. Bb3 Bf5 $2 (23... dxc3 $19 24. Rxe6 Rxe6 25. Bxe6 fxe6) 24. Re4 $2 (24. Qf2 $17) 24... d3 $2 (24... Bxe4 $19 25. fxe4 dxc3) 25. Qd2 $2 (25. Rxe8+ $17 {was the crucial defense.} Rxe8 26. Qb2) 25... Bxe4 26. fxe4 c5 27. e5 c4 28. Bd1 Bxe5 29. Qb2 Qf6 30. Bd2 Bf4 31. Bf3 Bxd2+ 32. Kxd2 Qf4+ 33. Kd1 Qe3 34. Qd2 Qa7 35. Qb2 d2 36. Rf1 Re1+ 37. Rxe1 dxe1=Q+ 38. Kxe1 Qg1+ 39. Kd2 Rd8+ 40. Kc2 Qf2+ 41. Kb1 Rd2 42. Qa3 Qf1+ 43. Qc1 Qd3+ 44. Ka1 h5 45. Be4 Qe2 (45... Qe3 $142 46. Bc2 Qxc3+ {[%mdl 64] Double Attack} 47. Kb1 Re2) 46. Bb1 Qxg2 (46... Qe3 $142 47. Qa3 Qe5) 47. b5 Re2 48. a4 $2 (48. Qd1) 48... Qd5 49. Qa3 Re3 $2 (49... g5 $19 50. hxg5 h4) 50. b6 Re8 51. Qb4 Kg7 52. Bc2 $2 {[%emt 0:03:36] [#]} (52. Kb2 $1 $11 {and White stays safe.}) 52... g5 $2 ({Black should try} 52... f5 $1 $19 53. Qb1 Qd2) 53. hxg5 h4 54. b7 Rb8 55. Qb6 Qxg5 (55... Kg8 $5 56. Qh6 $8 f5 57. Qg6+ Kf8 $11) 56. Qd4+ Kg8 57. Be4 Rd8 58. Qxc4 $2 (58. Bd5 $1 $11 {and White is okay.}) 58... Qc1+ 59. Bb1 Qa3+ 60. Qa2 Qxc3+ 61. Qb2 Qg3 62. a5 $2 (62. Be4 $17 h3 63. Ka2) 62... h3 63. a6 Qd6 64. Bd3 Qxd3 65. b8=Q Qxa6+ 66. Kb1 Qg6+ 67. Ka2 Rxb8 68. Qxb8+ Kh7 69. Qf4 Kg7 70. Qd4+ f6 71. Ka3 Qg3+ 72. Ka4 h2 73. Qd7+ Kh6 74. Qd2+ Kh5 75. Qd5+ Kh4 76. Qb7 Qf4+ 77. Kb3 Kg3 78. Qg7+ Kf2 79. Qh7 Qf3+ 80. Kb2 h1=Q 81. Qa7+ Kf1 0-1

[Event "KAZ-ch Women 2019"]
[Site "Almaty"]
[Date "2019.04.28"]
[Round "8.1"]
[White "Kamalidenova, Meruert"]
[Black "Nasybullina, Alfia"]
[Result "1/2-1/2"]
[ECO "D02"]
[WhiteElo "2051"]
[BlackElo "2065"]
[Annotator "NA"]
[PlyCount "68"]
[EventDate "2019.04.21"]
[EventType "tourn"]
[EventCountry "KAZ"]
[SourceTitle "playchess.com"]
[Source "ChessBase"]
[SourceQuality "1"]
[TimeControl "40/5400+30:1800+30"]

1. d4 d5 2. Nf3 Nf6 3. g3 c5 4. c4 cxd4 5. Bg2 Nc6 6. Nxd4 e6 7. cxd5 exd5 8. O-O Bc5 9. Nb3 Be7 10. Nc3 Be6 11. Bg5 O-O 12. Rc1 h6 13. Bxf6 Bxf6 14. Nc5 Bd4 15. N3a4 Qe7 16. Qb3 Rab8 17. e3 Bf6 18. Nxe6 fxe6 19. Nc5 Kh8 20. Bh3 Nd8 21. Nd3 g5 22. e4 dxe4 23. Nc5 Bd4 24. Nxe4 e5 25. Qd1 Nc6 26. Qh5 Kg7 27. Rcd1 Qf7 28. Qg4 Qf3 29. Qxf3 Rxf3 30. Bg2 Rf7 31. Rd2 Rd8 32. g4 Rc7 33. Rc1 Bb6 34. Nd6 Nd4 1/2-1/2

[Event "KAZ-ch Women 2019"]
[Site "Almaty"]
[Date "2019.04.28"]
[Round "8.2"]
[White "Ankudinova, Yelena"]
[Black "Dauletova, Gulmira"]
[Result "0-1"]
[ECO "A28"]
[WhiteElo "2099"]
[BlackElo "2262"]
[Annotator "NA"]
[PlyCount "56"]
[EventDate "2019.04.21"]
[EventType "tourn"]
[EventCountry "KAZ"]
[SourceTitle "playchess.com"]
[Source "ChessBase"]
[SourceQuality "1"]
[TimeControl "40/5400+30:1800+30"]

1. c4 e5 2. Nc3 Nf6 3. Nf3 Nc6 4. e3 Bb4 5. Qc2 d6 6. Be2 O-O 7. a3 Bxc3 8. Qxc3 a5 9. b3 Bf5 10. Bb2 Ne4 11. Qc1 Nc5 12. Qc3 Ra6 13. d3 Rb6 14. Nd2 Qg5 15. g4 Bxg4 16. Rg1 f5 17. h3 Qh4 18. hxg4 fxg4 19. Rg2 h5 20. d4 Qh1+ 21. Bf1 exd4 22. exd4 Re8+ 23. Kd1 Rxb3 24. Qc2 Rd3 25. Qxd3 Nxd3 26. Bc3 Re1+ 27. Kc2 Rxa1 28. Bxa1 Ne1+ 0-1

[Event "KAZ-ch Women 2019"]
[Site "Almaty"]
[Date "2019.04.28"]
[Round "8.4"]
[White "Sultanbek, Zeinep"]
[Black "Kairbekova, Amina"]
[Result "1-0"]
[ECO "E04"]
[WhiteElo "1891"]
[BlackElo "1954"]
[Annotator "NA"]
[PlyCount "87"]
[EventDate "2019.04.21"]
[EventType "tourn"]
[EventCountry "KAZ"]
[SourceTitle "playchess.com"]
[Source "ChessBase"]
[SourceQuality "1"]
[TimeControl "40/5400+30:1800+30"]

1. d4 Nf6 2. Nf3 d5 3. c4 e6 4. g3 dxc4 5. Bg2 Bd7 6. Ne5 Bc6 7. Nxc6 Nxc6 8. Qa4 Qd7 9. O-O Nb4 10. Qxd7+ Kxd7 11. Na3 Nfd5 12. Rd1 c3 13. e4 cxb2 14. Bxb2 Nb6 15. d5 exd5 16. exd5 Re8 17. Bh3+ Kd8 18. d6 cxd6 19. Nb5 a6 20. Bxg7 Bxg7 21. Rxd6+ Ke7 22. Re1+ Kf8 23. Rxe8+ Kxe8 24. Nc7+ Ke7 25. Rxb6 Nxa2 26. Rxb7 Be5 27. Nxa6+ Kf6 28. Nc5 Bd4 29. Ne4+ Kg6 30. Nd6 Rf8 31. Bf5+ Kf6 32. Bxh7 Nc3 33. Bd3 Bc5 34. Nb5 Nd1 35. Rc7 Nxf2 36. Bc4 Ne4+ 37. Kg2 Be7 38. Nd4 Rb8 39. Rc6+ Ke5 40. Nf3+ Kf5 41. Bd3 Rb2+ 42. Rc2 Rxc2+ 43. Bxc2 Bb4 44. Nd4+ 1-0

[Event "KAZ-ch Women 2019"]
[Site "Almaty"]
[Date "2019.04.28"]
[Round "8.5"]
[White "Serikbay, Assel"]
[Black "Shauken, Aruzhan"]
[Result "1-0"]
[ECO "E63"]
[WhiteElo "2155"]
[BlackElo "1685"]
[Annotator "NA"]
[PlyCount "81"]
[EventDate "2019.04.21"]
[EventType "tourn"]
[EventCountry "KAZ"]
[SourceTitle "playchess.com"]
[Source "ChessBase"]
[SourceQuality "1"]
[TimeControl "40/5400+30:1800+30"]

1. d4 Nf6 2. c4 g6 3. g3 Bg7 4. Bg2 d6 5. Nf3 O-O 6. O-O Nc6 7. Nc3 a6 8. Qd3 Bf5 9. e4 Bg4 10. Be3 Nd7 11. h3 Bxf3 12. Bxf3 e5 13. d5 Nd4 14. Bg2 f5 15. exf5 Nxf5 16. Ne4 Nxe3 17. Qxe3 Nf6 18. Nc3 Qd7 19. b4 Rfe8 20. g4 Kh8 21. c5 Qf7 22. Rad1 Bf8 23. f4 Qg7 24. fxe5 Rxe5 25. Qf3 Nd7 26. c6 bxc6 27. dxc6 Nb6 28. a4 Rae8 29. Rd3 Nc4 30. Nd5 Re1 31. Qf6 Qxf6 32. Nxf6 Rxf1+ 33. Bxf1 Re1 34. Nd5 Bh6 35. Kf2 Rc1 36. Rc3 Ne5 37. Rxc1 Bxc1 38. b5 axb5 39. axb5 Kg7 40. Nxc7 Kf7 41. Nd5 1-0

[Event "KAZ-ch Women 2019"]
[Site "Almaty"]
[Date "2019.04.29"]
[Round "9.1"]
[White "Shauken, Aruzhan"]
[Black "Kamalidenova, Meruert"]
[Result "1/2-1/2"]
[ECO "E68"]
[WhiteElo "1685"]
[BlackElo "2051"]
[Annotator "NA RC"]
[PlyCount "104"]
[EventDate "2019.04.21"]
[EventType "tourn"]
[EventCountry "KAZ"]
[SourceTitle "playchess.com"]
[Source "ChessBase"]
[SourceQuality "1"]
[TimeControl "40/5400+30:1800+30"]

1. d4 Nf6 2. c4 g6 3. g3 Bg7 4. Bg2 O-O 5. Nf3 d6 6. O-O Nbd7 7. Nc3 e5 8. e4 a6 9. Qc2 exd4 10. Nxd4 Ne5 {[%emt 0:00:08] E68: King's Indian: Fianchetto: 6...Nbd7 7 0-0 e5 8 e4} (10... Re8 11. Re1 Ne5 12. b3 c5 13. Nf3 Nfg4 14. Nxe5 Nxe5 15. Bb2 Nc6 16. Qd2 Qa5 17. Rad1 Bg4 18. f3 {½-½ (49) Giri,A (2772)-Ivanchuk,V (2728) Tbilisi 2017}) 11. b3 Bd7 12. h3 (12. Bb2 $16) 12... c5 $146 ({Predecessor:} 12... Nc6 13. Be3 Re8 14. Rad1 Rb8 15. Nd5 Qc8 16. Kh2 Nd8 17. Bg5 Nxd5 18. cxd5 {1-0 (59) Zevallos,F-Murillo,H Peru 1995}) 13. Nde2 b5 14. cxb5 axb5 15. f4 Nc6 16. Bb2 Rb8 (16... Qc8 $15) 17. Rad1 Ne8 18. Nd5 Be6 19. Bxg7 Nxg7 20. Qb2 (20. Ne3 $16) 20... Bxd5 $1 21. Rxd5 Qe7 22. Rfd1 Rfd8 23. e5 dxe5 24. Rxd8+ Rxd8 25. Rxd8+ Nxd8 26. Qxe5 Qxe5 27. fxe5 Kf8 28. a3 (28. a4 $14) 28... Nge6 29. Bd5 Ke7 30. Bg2 Nc7 31. Nf4 Nde6 32. Kf2 g5 33. Nd3 c4 34. bxc4 bxc4 35. Nb4 Kd7 (35... Nd4 $11 {remains equal.}) 36. Ke2 (36. Ke3 $16) 36... Ng7 37. Kd2 Ke6 38. Nc6 Nh5 39. Kc3 (39. g4 $5 Nf4 40. Bf3 $14) 39... Nxg3 40. Kxc4 Nf5 (40... h5 $11) 41. Kc5 h5 $2 {[%emt 0:02:53] [#]} (41... Kd7 $1 $11) 42. a4 $2 (42. Bf3 $1 $18) 42... g4 43. hxg4 hxg4 44. a5 Ne3 45. Bh1 g3 46. Kb6 Kd7 ({But not} 46... g2 $2 47. Bxg2 Na8+ 48. Kb7 $18) 47. Kb7 Ne6 48. a6 Nc5+ 49. Kb6 Nxa6 50. Kxa6 g2 {[%emt 0:00:05] [#]} 51. Bxg2 $1 Nxg2 52. Kb6 Ne3 $11 1/2-1/2